AoeStats
← [NICE_ASS] BigMasi

Lombardia

508945196Analyzed
3v3 RM · 8d ago on Sep 24, 2026· 80m 39s· 6 players
Game mode
Random Map
Map size
Normal (6 player)
Population
200
Speed
Normal
Resources
Standard
Victory
Conquest
Starting age
Dark Age
Ending age
Imperial Age
RankedLock teamsTeams togetherTeam positionsShared explorationLock speedFull tech treeHidden civsTurbo modeCheats
Victory
Defeat
🇨🇭 Mongols · Switzerland
1379
+16
🇨🇭 Varangians · Switzerland
1324
+18
🇬🇧 Malay · United Kingdom
1309
+18
🇺🇸 Vikings · United States
1380
-18
🇩🇪 Burgundians · Germany
1375
-18
🇨🇴 Muisca · Colombia
1344
-16
[NICE_ASS] BigMasi
10:56 Feudal Age
11:47 Double-Bit Axe
15:08 Castle Age
13:28 Horse Collar
14:49 Loom
16:45 Bow Saw
17:09 Heavy Plow
22:01 Wheelbarrow
23:37 Gold Mining
23:37 Stone Mining
23:52 Stone Mining
26:16 Hand Cart
27:03 Town Watch
27:38 Scale Barding Armor
27:44 Forging
30:44 Imperial Age
28:04 Town Watch
29:08 Chain Barding Armor
29:24 Man-at-Arms
33:10 Plate Barding Armor
34:43 Iron Casting
35:24 Conscription
34:25 Vendel Legacy
35:41 Husbandry
35:52 Bloodlines
36:01 Cavalier
40:50 Vendel Legacy
42:20 Fortified Wall
42:30 Ballistics
42:16 Siege Engineers
43:14 Chemistry
42:47 Light Cavalry
44:59 Light Cavalry
47:33 Caravan
48:45 Scale Mail Armor
49:47 Blast Furnace
51:17 Hussar
52:26 Elite Varangian Guard
53:06 Squires
52:52 Gambesons
52:52 Arson
53:09 Scale Mail Armor
54:35 Chain Mail Armor
53:50 Gothikon
54:30 Man-at-Arms
57:51 Plate Mail Armor
76:29 Coinage
76:21 Guilds
Zaphod
8:30 Loom
10:16 Feudal Age
11:16 Double-Bit Axe
14:38 Castle Age
13:09 Horse Collar
15:34 Bow Saw
17:49 Fletching
21:06 Wheelbarrow
20:30 Bodkin Arrow
26:34 Ballistics
27:03 Padded Archer Armor
28:43 Wheelbarrow
28:01 Gold Mining
32:23 Bloodlines
33:56 Husbandry
34:13 Leather Archer Armor
34:52 Thumb Ring
38:14 Imperial Age
36:52 Hand Cart
37:22 Hand Cart
38:30 Heavy Plow
39:01 Bracer
40:07 Chemistry
39:55 Parthian Tactics
39:52 Town Watch
41:10 Conscription
40:51 Elite Mangudai
41:57 Nomads
42:07 Heavy Camel Rider
42:28 Capped Ram
43:33 Drill
44:18 Siege Ram
45:09 Siege Engineers
45:01 Onager
45:59 Light Cavalry
46:45 Scale Barding Armor
46:50 Forging
46:38 Hussar
48:26 Chain Barding Armor
48:15 Town Patrol
48:28 Masonry
53:37 Caravan
54:07 Coinage
54:32 Iron Casting
63:33 Blast Furnace
God Of The Sea People
5:37 Loom
12:05 Feudal Age
11:46 Double-Bit Axe
11:45 Horse Collar
15:44 Wheelbarrow
21:13 Castle Age
21:10 Bow Saw
21:00 Heavy Plow
22:21 Gold Mining
24:19 Gold Shaft Mining
26:31 Scale Barding Armor
28:05 Husbandry
54:48 Imperial Age
52:37 Pikeman
53:18 Squires
54:27 Fletching
54:37 Padded Archer Armor
55:44 Chemistry
54:35 Heated Shot
55:09 Ballistics
54:56 Thumb Ring
55:10 Crossbowman
55:52 Bodkin Arrow
56:28 Arbalester
60:11 Bracer
60:34 Leather Archer Armor
60:54 Capped Ram
62:43 Ring Archer Armor
63:20 Masonry
63:03 Elite Battle Elephant
64:02 Halberdier
64:53 Forging
65:24 Caravan
69:46 Guard Tower
70:20 Hand Cart
74:46 Murder Holes
77:45 Conscription
77:28 Forced Levy
78:27 Man-at-Arms
78:52 Arson
80:44 Conscription
80:23 Long Swordsman
81:42 Iron Casting
P1nGp0nG
9:00 Feudal Age
7:33 Loom
9:20 Feudal Age
10:19 Double-Bit Axe
10:37 Horse Collar
12:43 Bow Saw
14:56 Heavy Plow
18:12 Castle Age
17:20 Gold Mining
21:47 Fletching
21:57 Padded Archer Armor
23:11 Bodkin Arrow
25:26 Leather Archer Armor
26:17 Elite Skirmisher
28:28 Burgundian Vineyards
30:35 Ballistics
33:11 Forging
33:06 Scale Barding Armor
32:34 Cavalier
33:15 Husbandry
36:38 Chain Barding Armor
36:53 Iron Casting
37:54 Iron Casting
38:24 Wheelbarrow
41:58 Imperial Age
40:52 Hand Cart
42:33 Paladin
43:50 Plate Barding Armor
44:16 Blast Furnace
43:17 Bracer
46:28 Conscription
53:22 Chemistry
60:11 Light Cavalry
61:25 Hussar
hehe xd
6:39 Loom
9:24 Feudal Age
12:47 Double-Bit Axe
18:17 Castle Age
17:18 Scale Mail Armor
17:34 Gold Mining
18:27 Forging
19:40 Chain Mail Armor
19:31 Squires
20:27 Gold Shaft Mining
20:12 Horse Collar
21:37 Bow Saw
24:33 Iron Casting
27:59 Arson
40:58 Imperial Age
39:56 Gold Shaft Mining
39:17 Fletching
41:28 Chieftains
42:55 Plate Mail Armor
43:57 Conscription
44:54 Blast Furnace
44:20 Elite Varangian Guard
47:14 Caravan
48:58 Pikeman
50:58 Masonry
51:10 Ballistics
55:00 Capped Ram
55:59 Siege Ram
58:24 Siege Engineers
64:05 Chemistry
62:55 Guard Tower
72:00 Fortified Wall
FkeVriX
7:41 Loom
9:47 Feudal Age
10:31 Double-Bit Axe
13:06 Horse Collar
13:49 Fletching
19:34 Castle Age
18:45 Padded Archer Armor
18:42 Gold Mining
20:57 Wheelbarrow
20:23 Heavy Plow
20:34 Crossbowman
23:08 Bodkin Arrow
26:49 Leather Archer Armor
26:48 Stone Mining
29:37 Scale Mail Armor
29:47 Forging
30:12 Bow Saw
31:07 Ballistics
31:26 Hand Cart
34:49 Imperial Age
33:06 Squires
32:27 Pikeman
33:23 Chain Mail Armor
34:09 Iron Casting
36:40 Champi Runner
37:53 Hand Cart
43:17 Imperial Age
41:59 Champi Warrior
43:27 Town Watch
44:29 Plate Mail Armor
44:21 Conscription
44:10 Elite Skirmisher
45:52 Gold Shaft Mining
45:48 Crop Rotation
46:20 Two-Man Saw
45:36 Bracer
46:30 Elite Champi Warrior
49:03 Herbalism
49:42 Elite Temple Guard
54:54 Chemistry
54:34 Capped Ram
55:52 Masonry
55:48 Siege Engineers
55:42 Elite Guecha Warrior
57:18 Hoardings
57:01 Murder Holes
58:27 Block Printing
58:33 Sanctity
60:12 Arbalester
60:58 Thumb Ring
61:19 Onager
66:18 Coinage
Connection lost

Rejoining the realm…

Still unreachable

The connection could not be restored.

Session expired

The server has moved on; the page needs a fresh start.